Unix NetHack Version 5.0.0-0 post-release - last build Jun 10 2026 00:39:30 (3ee93aec679c4c4259841fe613dc97188e26a321,branch:main).

Game began 2026-06-25 07:39:38, ended 2026-06-25 07:46:49.

DiePARTEI, neutral male human Tourist

  ---------------  -------                     ------                   -----
  |.|..|........----.....-----       -----     |....|------       ----  |...|
  |+-..+..{...|......--...|..--    ---...---   |....+.|...| -------..-- |...|
  |....|.....--------|....|...|-----.......--  |....|.|...| |.........-----+|
  -------|--.| ------|........|..--.........---------.--+-| --..............|
       |...|.| |....|-...|...-|...........|...............----....{.....-----
      .+...|.| |....+...-|....--..........|-..-----+---.-...............+..|
     -------.| |....|-...---........|....-|.....--|..|..|-----.........-|...
     |.......| ------|....|...|..--.|...---..|...-|..|..|-...|-...---.-----.
    ---------------  |--....------|.|-..|...---...-------....--------+---  #
    |...|.........|  |.......--|..|.|---|..........|...|........|  |....| #
    --..|.........|--|....{...||..|.|   ----...........---......-- |....| #
    --..--+--------..|-.......||..+.|---   --.---.............|).| ------ #
    |................--......-----|.|..|    |.| ----.....|....|..-----    #
    |+--........--+-.....-+---    |.|..|    |.|    --...----..|....|.---- #
    |..|--..-+--|..|---..|..---   |.+..|  ---+---   -----  ---|.........|-.
    |..+.|.-|...|..|  ---|....--  ------  |.....|    ----     ----.h...-|..-
    |+----.--+---+--     |....>|          |.._..|    |..|---------.|@...|..--
    |.............|      -------          |.....|    |..--.........|---...%.|
    ---------------                       -------    --.......------  ---..<|
                                                      ---------         -----
DiePARTEI the Sightseer     St:12 Dx:15 Co:13 In:10 Wi:10 Ch:16  Neutral
Dlvl:5  $:708 HP:0(32) Pw:12(12) AC:8  Xp:3 T:765 

Latest messages:
 You resume your meal.
 You hear crashing rock.
 You hear the chime of a cash register.
 You stop eating the gnome lord corpse.
 In what direction? 8
 The dart hits the dwarf.
 The dwarf swings his pick-axe.
 The dwarf hits!
 In what direction? 8
 You kill the dwarf!
 There is a partly eaten gnome lord corpse here; eat it? [ynq] (n) y
 You resume your meal.
 You finish eating the gnome lord corpse.
 There are several objects here.
 a - 2 +2 darts (at the ready) (17 in total).
 z - a pair of hard shoes.
 A - a hooded cloak.
 B - a pick-axe.
 What do you want to wear? [zA or ?*] z
 You finish your dressing maneuver.
 What do you want to wear? [A or ?*] A
 You are now wearing a hooded cloak.
 What do you want to read? [hiotv or ?*] <esc>
 Never mind.
 What do you want to read? [hiotv or ?*] i
 As you read the scroll, it disappears.
 A map coalesces in your mind!
 In what direction? 8
 You kill the gnome!
 C - a sky blue potion.
 D - a partly used candle (lit).
 In what direction? 7
 The dart misses.
 In what direction? 7
 The dart misses the dwarf.
 The dwarf thrusts her broad short sword.
 The dwarf hits!
 In what direction? 7
 The dart misses.
 In what direction? 7
 The dart misses.
 In what direction? 7
 The dart misses.
 In what direction? 7
 The dart hits the dwarf!
 The dwarf thrusts her broad short sword.
 The dwarf hits!
 You die...
 Do you want your possessions identified? [ynq] (y) y
 Do you want to see your attributes? [ynq] (y) q

Inventory:
 Coins    ('$')
  $ - 708 gold pieces
 Amulets  ('"')
  m - a cursed amulet of strangulation
 Weapons  (')')
  s - 9 +0 elven arrows
  a - 10 +2 darts (at the ready)
 Armor    ('[')
  z - a blessed +0 pair of iron shoes (being worn)
  A - an uncursed +0 dwarvish cloak (being worn)
  j - an uncursed +0 Hawaiian shirt with a water nymph motif (being worn)
 Comestibles  ('%')
  d - 2 uncursed cram rations
  b - 6 uncursed food rations
  e - an uncursed fortune cookie
  c - 2 uncursed tripe rations
  u - an uncursed lichen corpse
 Scrolls  ('?')
  v - a blessed scroll of enchant armor
  h - an uncursed scroll of magic mapping
  o - a blessed scroll of scare monster
  t - an uncursed scroll of scare monster
 Potions  ('!')
  n - an uncursed potion of confusion
  p - an uncursed potion of healing
  x - a cursed potion of healing
  C - an uncursed potion of oil
  y - a blessed potion of polymorph
 Rings    ('=')
  r - an uncursed ring of free action
  q - an uncursed ring of shock resistance
 Tools    ('(')
  l - an uncursed credit card
  k - an expensive camera (0:85)
  B - a +0 pick-axe
  w - an uncursed tin opener
  D - an uncursed partly used wax candle (lit)

DiePARTEI the Tourist's attributes:

Background:
 You were a Sightseer, a level 3 male human Tourist.
 You were neutral, on a mission for The Lady
 who was opposed by Blind Io (lawful) and Offler (chaotic).
 You were right-handed.
 You were in the Gnomish Mines, on level 5.
 You entered the dungeon 765 turns ago.
 You had 61 experience points, 19 more were needed to attain level 4.

Basics:
 You had 0 out of 32 hit points.
 You had all 12 energy points (spell power).
 Your armor class was 8.
 Your wallet contained 708 zorkmids.
 Autopickup was off.

Final Characteristics:
 Your strength was 12 (limit:18/100).
 Your dexterity was 15 (limit:18).
 Your constitution was 13 (limit:18).
 Your intelligence was 10 (limit:18).
 Your wisdom was 10 (limit:18).
 Your charisma was 16 (limit:18).

Final Status:
 You weren't hungry.
 You were unencumbered.
 You were bare handed.
 You were unskilled in bare handed combat.

Final Attributes:
 You were fervently aligned.
 Your items were somewhat protected from fire.
 Your items were somewhat protected from cold.
 You were warded.
 You are dead.

Miscellaneous:
 You didn't encounter any bones levels.
 Total elapsed playing time was 7 minutes and 10 seconds.

Major events:
 Turn
    1: DiePARTEI the neutral male human Tourist entered the dungeon
  636: entered the Gnomish Mines
  699: reached Mine Town
  716: attained the rank of Sightseer (level 3)
  765: killed by a dwarf

You didn't know any spells.

Skills:
 Fighting Skills
   bare handed combat [Unskilled]
   two weapon combat  [Unskilled]
   riding             [Unskilled]
 Weapon Skills
   dagger             [Unskilled]
   knife              [Unskilled]
   axe                [Unskilled]
   pick-axe           [Unskilled]
   short sword        [Unskilled]
   broadsword         [Unskilled]
   long sword         [Unskilled]
   two-handed sword   [Unskilled]
   saber              [Unskilled]
   mace               [Unskilled]
   morning star       [Unskilled]
   flail              [Unskilled]
   hammer             [Unskilled]
   quarterstaff       [Unskilled]
   polearms           [Unskilled]
   spear              [Unskilled]
   trident            [Unskilled]
   lance              [Unskilled]
   bow                [Unskilled]
   sling              [Unskilled]
   crossbow           [Unskilled]
   dart               [Basic]
   shuriken           [Unskilled]
   boomerang          [Unskilled]
   whip               [Unskilled]
   unicorn horn       [Unskilled]
 Spellcasting Skills
   divination spells  [Unskilled]
   enchantment spells [Unskilled]
   escape spells      [Unskilled]

Voluntary challenges:
 Character rerolling was not enabled.
 You were an atheist.
 You never hit with a wielded weapon.
 You never genocided any monsters.
 You never polymorphed an object.
 You never changed form.
 You used no wishes.
Achievements:
 You entered the Gnomish Mines.
 You entered Minetown.
 You attained the rank of Sightseer.

 The Dungeons of Doom: levels 1 to 3
    Level 1:
    Level 2:
       Some fountains.
       Stairs down to The Gnomish Mines.
    Level 3:
 The Gnomish Mines: levels 3 to 5
    Level 3:
    Level 4:
    Level 5: <- You were here.
       Many shops, a temple and an altar, many fountains.
       Final resting place for
          you, killed by a dwarf.


Vanquished creatures:
  3 gnome leaders
  a kitten
  2 dwarves
  4 gnomes
  a jackal
  a grid bug
  a lichen
  3 newts
16 creatures vanquished.

No species were genocided or became extinct.

Game over:
                       ----------
                      /          \
                     /    REST    \
                    /      IN      \
                   /     PEACE      \
                  /                  \
                  |    DiePARTEI     |
                  |      708 Au      |
                  |   killed by a    |
                  |      dwarf       |
                  |                  |
                  |                  |
                  |       2026       |
                 *|     *  *  *      | *
        _________)/\\_//(\/(/\)/\//\/|_)_______

Aloha DiePARTEI the Tourist...

You died in The Gnomish Mines on dungeon level 5 with 478 points,
and 708 pieces of gold, after 765 moves.
You were level 3 with a maximum of 32 hit points when you died.

